 Dungeon Crawl Stone Soup version 0.27-a0-637-g3a9f0a9c12 (webtiles) character file.

Game seed: 247027607074828573

15129 Johnny the Thaumaturge (level 11, -7/111 HPs)
             Began as a Deep Elf Earth Elementalist on Mar 14, 2021.
             Was the Champion of Okawaru.
             Mangled by a minotaur (13 damage)
             ... in a Gauntlet.
             The game lasted 00:16:11 (12248 turns).

Johnny the Thaumaturge (DEEE)                      Turns: 12248, Time: 00:16:12

Health: -7/111     AC: 29    Str:  5    XL:     11   Next: 97%
Magic:  9/29       EV:  2    Int: 24    God:    Okawaru [******]
Gold:   185        SH:  0    Dex: 15    Spells: 19/34 levels left

rFire    . . .     SeeInvis .   m - +4 quarterstaff (spect)
rCold    + . .     Faith    .   (shield currently unavailable)
rNeg     + + +     Spirit   .   (armour currently unavailable)
rPois    +         Reflect  .   (helmet currently unavailable)
rElec    .         Harm     .   (cloak currently unavailable)
rCorr    .         Rampage  .   (gloves currently unavailable)
Will     +....     NoTele   +   (boots currently unavailable)
Stlth    ++++......             L - amulet of regeneration
HPRegen  1.28/turn              a - ring of protection from cold
MPRegen  0.21/turn              s - +4 ring of protection

@: tree-form, heroic, very slightly contaminated, invisible
A: stationary, stasis, torment immunity, boosted hp
a: Renounce Religion, Heroism, Finesse


You were in a Gauntlet.
You worshipped Okawaru.
Okawaru was exalted by your worship.
You were a tree.
You visited 2 branches of the dungeon, and saw 12 of its levels.
You also visited: Gauntlet.

You collected 617 gold pieces.
You spent 432 gold pieces at shops.

Inventory:

Hand Weapons
 m - a +4 spectral quarterstaff (weapon)
Missiles
 b - 117 stones
Armour
 k - a +0 buckler
 r - a +2 pair of boots (melded)
 t - +0 swamp dragon scales (melded)
 z - a +2 cloak of poison resistance (melded)
 C - a +2 hat of willpower (melded)
 G - the +1 leather armour of Defiance {rN+}
   (You found it on level 9 of the Dungeon)

   It protects you from negative energy.
Jewellery
 a - a ring of protection from cold (right branch)
 s - a +4 ring of protection (left branch)
 D - a ring of fire
 E - a +6 ring of strength
 L - an amulet of regeneration (around neck)
Wands
 p - a wand of polymorph (14)
 v - a wand of paralysis (10)
Scrolls
 e - 2 scrolls of magic mapping
 f - 9 scrolls of teleportation
 h - 3 scrolls of amnesia
 w - 3 scrolls of fog
 B - a scroll of noise
 H - 2 scrolls of enchant armour
Potions
 c - 2 potions of magic
 d - 3 potions of curing
 g - 3 potions of haste
 j - a potion of lignification
 l - 2 potions of might
 o - 3 potions of degeneration
 q - 2 potions of resistance
 u - 2 potions of heal wounds {unknown}
 A - a potion of flight {unknown}
 I - 2 potions of cancellation
 J - 2 potions of mutation


   Skills:
 * Level 11.1(16.1) Fighting
 - Level 2.4(7.4) Dodging
 - Level 2.4(7.4) Stealth
 + Level 4.0(9.0) Shields
 + Level 12.4 Spellcasting
 - Level 1.1 Transmutations
 + Level 10.8 Earth Magic


You had 19 spell levels left.
You knew the following spells:

 Your Spells              Type           Power      Damage    Failure   Level
a - Sandblast             Erth           100%       2d20      1%          1
b - Stone Arrow           Conj/Erth      80%        3d12      1%          3
c - Lee's Rapid Deconstr  Erth           30%        3d17*     1%          5
d - Petrify               Tmut/Erth      43%        N/A       3%          4
e - Blink                 Tloc           N/A        N/A       6%          2

Your spell library contained the following spells:

 Spells                   Type           Power      Damage    Failure   Level
 Passwall                 Tmut/Erth      35%        N/A       1%          2
 Magic Dart               Conj           56%        1d5       4%          1
 Summon Small Mammal      Summ           56%        N/A       4%          1
 Call Imp                 Summ           14%        N/A       6%          2
 Slow                     Hex            14%        N/A       6%          2
 Call Canine Familiar     Summ           14%        N/A       12%         3
 Conjure Flame            Conj/Fire      14%        6-21      12%         3
 Mephitic Cloud           Conj/Pois/Air  14%        N/A       12%         3
 Summon Guardian Golem    Hex/Summ       14%        N/A       12%         3
 Summon Ice Beast         Ice/Summ       14%        N/A       38%         4
 Summon Lightning Spire   Summ/Air       14%        N/A       38%         4
 Haunt                    Necr/Summ      7%         N/A       100%        7
 Malign Gateway           Summ/Tloc      7%         N/A       100%        7
 Monstrous Menagerie      Summ           7%         N/A       100%        7
 Summon Horrible Things   Summ           7%         N/A       100%        8


Dungeon Overview and Level Annotations

Branches:
Dungeon (11/15)            Temple (1/1) D:7            Lair (0/6) D:9
    Orc (0/2) D:9         Gauntlet (1/1)

Altars:
Ashenzari
Cheibriados
Dithmenos
Elyvilon
Fedhas
Gozag
Hepliaklqana
Kikubaaqudgha
Makhleb
Nemelex Xobeh
Okawaru
Qazlal
Ru
Sif Muna
Trog
Uskayaw
Vehumet
Wu Jian
Xom
Yredelemnul
Zin
The Shining One

Shops:
D:4 :   D:10 !

Annotations:
Gauntlet 6 transporters, 1 runed translucent door


Message History

The bolt of acid hits the minotaur!
The minotaur is splashed with acid.
The minotaur is severely wounded.
The now-empty wand crumbles to dust.
The minotaur hits you!
* * * LOW HITPOINT WARNING * * *
The minotaur gores you but does no damage.
Unknown command.
Okay, then.
You feel better. The minotaur hits you!
* * * LOW HITPOINT WARNING * * *
The minotaur gores you but does no damage.
Unknown command.
Unknown command.
You feel better.
The minotaur hits you but does no damage.
The minotaur gores you but does no damage.
Unknown command.
Unknown command.
As you read the scroll of fear, it crumbles to dust.
You assume a fearsome visage.
The minotaur resists with some effort.
The minotaur hits you!
* * * LOW HITPOINT WARNING * * *
The minotaur gores you but does no damage.
You feel better. The minotaur hits you!
* * * LOW HITPOINT WARNING * * *
The minotaur gores you!
* * * LOW HITPOINT WARNING * * *
Unknown command.
Unknown command.
Okay, then.
Okay, then.
Casting: Lee's Rapid Deconstruction (mildly dangerous; 1% risk of failure)
Confirm with . or Enter, or press ? or * to list all spells.
Aiming: Lee's Rapid Deconstruction (mildly dangerous; 1% risk of failure)
Press: ? - help, Dir - move target A crystal wall.
The crystal wall shatters!
The blast of crystal shards hits the minotaur but does no damage.
The minotaur is severely wounded.
The minotaur hits you!
You die...

................
⌠.⌠.⌠.©.©.⌠.⌠.⌠.
................
#.##.##.##.##.##
.##.##.##.##.##
...............#
##.##.##.##.##.#
#.##.##.##.##.#
.......♣......#
##.###H#.##.###
#. #. .# . #. ..
#. #.# #∩ .# ##
.. #.


You could see a minotaur.

Vanquished Creatures
  Gastronok (D:8)
  A hydra (D:9)
  Fannar (D:11)
  Erica (D:9)
  A death drake (Gauntlet)
  A wolf spider zombie (Gauntlet)
  Pikel (D:7)
  2 spectral centaurs (Gauntlet)
  A worldbinder (Gauntlet)
  Maurice (D:10)
  A gargoyle (D:10)
  Maggie (D:8)
  A kobold demonologist (D:10)
  A troll (D:7)
  A polar bear (D:9)
  A meliai zombie (Gauntlet)
  2 dream sheep (D:9)
  A wraith (D:10)
  10 yaks (D:9)
  3 wyverns
  A basilisk (D:9)
  A chaos spawn (Gauntlet)
  A neqoxec (Gauntlet)
  Menkaure (D:4)
  4 water moccasins (D:9)
  An orc warrior (D:10)
  2 sky beasts
  5 ice beasts
  A necrophage (D:8)
  An ogre (D:4)
  2 boggarts (Gauntlet)
  A wolf (D:9)
  A centaur (D:5)
  3 lemures (D:7)
  3 phantoms
  4 kobold brigands
  7 bullfrogs
  A gnoll sergeant (D:9)
  A wyvern skeleton (D:8)
  A scorpion (D:9)
  6 killer bees (D:10)
  5 wights (D:10)
  2 electric eels (D:9)
  2 howler monkeys (D:4)
  A bullfrog zombie (D:10)
  A centaur zombie (D:6)
  3 orc priests
  4 hounds
  A bullfrog skeleton (D:8)
  An iguana (D:8)
  Natasha (twice) (D:4)
  4 orc wizards
  7 worker ants
  2 centaur simulacra (D:9)
  A hound zombie (D:6)
  A killer bee simulacrum (D:9)
  A howler monkey skeleton (D:6)
  4 gnolls (D:9)
  3 adders
  4 shadow imps
  6 white imps
  A howler monkey simulacrum (D:9)
  4 ufetubi
  2 oozes
  6 worms
  2 dart slugs
  6 leopard geckos
  20 orcs
  2 ball pythons
  2 giant cockroaches (D:2)
  13 goblins
  6 hobgoblins
  16 jackals
  7 kobolds
  A quokka (D:5)
  9 bats
  4 frilled lizards
  A jackal zombie (D:5)
  A leopard gecko zombie (D:5)
  A quokka skeleton (D:5)
  6 rats
246 creatures vanquished.

Vanquished Creatures (others)
  A bush (D:9)
  6 fungi (D:9)
  28 plants
35 creatures vanquished.

Grand Total: 281 creatures vanquished

Notes
Turn   | Place    | Note
-------+----------+-------------------------------------------
     0 | D:1      | Johnny the Deep Elf Earth Elementalist began the quest for
                  | the Orb.
     0 | D:1      | Reached XP level 1. HP: 10/10 MP: 6/6
   743 | D:1      | Reached XP level 2. HP: 16/16 MP: 5/8
   843 | D:1      | Reached skill level 1 in Fighting
  1690 | D:2      | Reached XP level 3. HP: 20/20 MP: 5/10
  1791 | D:2      | Found a glowing golden altar of the Shining One.
  2423 | D:3      | Reached XP level 4. HP: 21/26 MP: 11/11
  2492 | D:3      | Reached skill level 4 in Spellcasting
  2590 | D:3      | Found a snail-covered altar of Cheibriados.
  2671 | D:3      | Reached XP level 5. HP: 25/31 MP: 9/13
  2789 | D:3      | Found a radiant altar of Vehumet.
  2870 | D:3      | Found an ornate altar of the Wu Jian Council.
  3560 | D:4      | Reached XP level 6. HP: 37/37 MP: 15/15
  3608 | D:4      | Noticed Menkaure
  3613 | D:4      | Killed Menkaure
  3614 | D:4      | Reached skill level 5 in Spellcasting
  3614 | D:4      | Reached skill level 5 in Earth Magic
  3838 | D:4      | Reached XP level 7. HP: 43/43 MP: 12/17
  3847 | D:4      | Learned a level 3 spell: Stone Arrow
  3853 | D:4      | Learned a level 5 spell: Lee's Rapid Deconstruction
  3858 | D:4      | Learned a level 4 spell: Petrify
  3918 | D:4      | Found a blossoming altar of Fedhas.
  4228 | D:4      | Noticed Natasha
  4236 | D:4      | Killed Natasha
  4389 | D:4      | Found Impoq's Book Shoppe.
  4407 | D:4      | Noticed Natasha
  4416 | D:4      | Killed Natasha
  4485 | D:5      | Entered Level 5 of the Dungeon
  4607 | D:5      | Reached skill level 6 in Spellcasting
  4840 | D:5      | Found an opulent altar of Gozag.
  4905 | D:5      | Reached skill level 5 in Fighting
  5702 | D:6      | Reached XP level 8. HP: 37/49 MP: 18/20
  5967 | D:6      | Found a burning altar of Makhleb.
  6096 | D:6      | Found a blossoming altar of Fedhas.
  6099 | D:6      | Reached skill level 7 in Spellcasting
  6386 | D:7      | Noticed a troll
  6394 | D:7      | Killed a troll
  6560 | D:7      | Noticed Pikel
  6573 | D:7      | Killed Pikel
  6574 | D:7      | Reached skill level 8 in Spellcasting
  6927 | D:7      | Found a staircase to the Ecumenical Temple.
  6987 | D:7      | Found a glowing golden altar of the Shining One.
  7036 | Temple   | Entered the Ecumenical Temple
  7304 | Temple   | Became a worshipper of Warmaster Okawaru
  7509 | D:8      | Reached XP level 9. HP: 56/56 MP: 13/23
  7587 | D:8      | Noticed Maggie
  7599 | D:8      | Killed Maggie
  7836 | D:8      | Found a sparkling altar of Nemelex Xobeh.
  7892 | D:8      | Noticed Gastronok
  7909 | D:8      | Killed Gastronok
  7909 | D:8      | Reached * piety under Okawaru
  7910 | D:8      | Reached skill level 9 in Spellcasting
  7910 | D:8      | Reached XP level 10. HP: 65/65 MP: 23/25
  7976 | D:8      | Found a broken altar of Ashenzari.
  8292 | D:8      | Identified the +0 scale mail of Creativity {rPois rC++
                  | Str-5 SInv}
  8323 | D:9      | Reached skill level 10 in Spellcasting
  8510 | D:9      | Reached ** piety under Okawaru
  9059 | D:9      | Reached *** piety under Okawaru
  9264 | D:9      | Found a staircase to the Lair.
  9522 | D:9      | Identified the +1 leather armour of Defiance {rN+}
  9548 | D:9      | Reached skill level 1 in Shields
  9548 | D:9      | Reached skill level 11 in Spellcasting
  9602 | D:9      | Noticed Erica
  9609 | D:9      | Killed Erica
  9614 | D:9      | Reached skill level 10 in Fighting
  9729 | D:9      | Reached **** piety under Okawaru
  9730 | D:9      | Reached XP level 11. HP: 72/72 MP: 26/28
  9745 | D:9      | Found a staircase to the Orcish Mines.
  9752 | D:9      | Found a basalt altar of Yredelemnul.
 10040 | D:9      | Reached skill level 10 in Earth Magic
 10120 | D:9      | Noticed a two-headed hydra
 10124 | D:9      | Killed a two-headed hydra
 10458 | D:10     | Entered Level 10 of the Dungeon
 10458 | D:10     | Noticed Maurice
 10463 | D:10     | Killed Maurice
 10925 | D:10     | Reached ***** piety under Okawaru
 11359 | D:10     | Found Kouwk's Distillery.
 11364 | D:10     | Bought a potion of magic for 96 gold pieces
 11364 | D:10     | Bought a potion of cancellation for 96 gold pieces
 11364 | D:10     | Bought a potion of mutation for 96 gold pieces
 11364 | D:10     | Bought a potion of curing for 36 gold pieces
 11364 | D:10     | Bought a potion of lignification for 36 gold pieces
 11364 | D:10     | Bought 2 potions of curing for 72 gold pieces
 11550 | D:11     | Noticed Fannar
 11567 | D:11     | Killed Fannar
 11568 | D:11     | Reached skill level 12 in Spellcasting
 11623 | D:11     | Found a gate leading to a gauntlet.
 11645 | Gauntlet | Entered a Gauntlet
 11645 | Gauntlet | Found a transporter.
 11645 | Gauntlet | Found a transporter.
 11735 | Gauntlet | Found a runed translucent door.
 11738 | Gauntlet | Found a transporter.
 11740 | Gauntlet | Found a transporter.
 11749 | Gauntlet | Found a transporter.
 11752 | Gauntlet | Found a transporter.
 11760 | Gauntlet | Found a transporter.
 11777 | Gauntlet | Found a transporter.
 11780 | Gauntlet | Noticed a death drake
 11791 | Gauntlet | Found a transporter.
 11795 | Gauntlet | Found a transporter.
 11803 | Gauntlet | Found a transporter.
 11807 | Gauntlet | Found a transporter.
 11948 | Gauntlet | Learned a level 2 spell: Blink
 12087 | Gauntlet | Killed a death drake
 12117 | Gauntlet | Reached ****** piety under Okawaru
 12117 | Gauntlet | Received a gift from Okawaru
 12235 | Gauntlet | Noticed a minotaur
 12247 | Gauntlet | HP: 5/111 [minotaur (8)]
 12248 | Gauntlet | Mangled by a minotaur

Illustrated notes

Levels and vault maps discovered:
D:1:      dpeg_arrival_oval, layout_basic, chequers_serial_rivers_micro_a,
          skrybe_limestone_x
D:2:      layout_basic, chequers_garden, tso_metal_star
D:3:      layout_rooms, kennysheep_slug_shrine, nicolae_vehumet_altar_sigil,
          pdpol_wu_jian_five_deadly_venoms, minivault_11
D:4:      layout_loops_corners, serial_shops, kennysheep_little_box,
          fedhas_ov_isle_minmay, uniq_menkaure, uniq_natasha
D:5:      layout_cave_pods, nicolae_gozag_cash_rules_everything_around_me,
          serial_glass, glass_columns_c, glass_columns_b
D:6:      layout_rooms, nicolae_overflow_crystal_walls, marbit_many_paths
D:7:      layout_rooms, kennysheep_mini_moat,
          minmay_temple_entry_enclosed_plants, uniq_pikel
D:8:      layout_rooms, lemuel_round_altar, ashenzari_altar_1, uniq_gastronok,
          uniq_maggie
D:9:      layout_loops_cross, minmay_lair_entry_grove, orc_0_dummy, serial_ice,
          serial_ice_i, serial_ice_c, serial_ice_a, serial_ice_f, serial_ice_e,
          serial_ice_n, serial_ice_g, basic_altar, hangedman_ranch
          [blue_anna_fruit_fields], uniq_erica
D:10:     layout_roguey, serial_shops, shop, uniq_maurice
D:11:     layout_basic, gauntlet_entry_generic, uniq_fannar
Temple:   minmay_temple_curvy_branch
Gauntlet: minmay_gauntlet_77_indecision [minmay_gauntlet_arena_77_two_lines,
          minmay_gauntlet_arena_77_path, minmay_gauntlet_arena_77_museum,
          minmay_gauntlet_arena_77_tiled_triplets,
          minmay_gauntlet_arena_77_braids, minmay_gauntlet_arena_77_squiggly,
          gauntlet_exit_green]

Skill      XL: |  1  2  3  4  5  6  7  8  9 10 11 |
---------------+----------------------------------+-----
Fighting       | 1 2 3 4 5 6 8 10 11 | 11.1
Spellcasting   | 4 5 6 8 9 11 12 | 12.4
Earth Magic    | 4 5 6 7 8 9 10 | 10.8
Shields        | 1 4 |  4.0
Dodging        | |  2.4
Stealth        | |  2.4
Transmutations | |  1.1

Action                   |  1- 3 |  4- 6 |  7- 9 | 10-12 || total
-------------------------+-------+-------+-------+-------++-------
Melee: Spear             |    69 |       |       |       ||    69
       Quarterstaff      |    28 |    55 |   103 |   149 ||   335
 Cast: Sandblast         |    23 |    19 |    31 |    97 ||   170
       Stone Arrow       |       |       |    17 |    42 ||    59
       Lee's Rapid Decon |       |       |       |    30 ||    30
Invok: Heroism           |       |       |       |     2 ||     2
Evoke: Wand              |       |       |     6 |    25 ||    31
  Use: Scroll            |       |     6 |     7 |     8 ||    21
       Potion            |       |       |     2 |     7 ||     9
 Stab: Sleeping          |     3 |     6 |     3 |     2 ||    14
       Distracted        |     1 |     1 |     2 |       ||     4
       Paralysed         |       |       |       |    12 ||    12
Armor: Robe              |    30 |    16 |    35 |       ||    81
       Skin              |       |       |     2 |    63 ||    65
       Swamp dragon scal |       |       |       |   123 ||   123
Dodge: Dodged            |    62 |    34 |    52 |    99 ||   247

Table legend: (Time is in decaauts)
 A = Elapsed time spent in this place.
 B = Non-inter-level travel time spent in this place.
 C = Inter-level travel time spent in this place.
 D = Time resting spent in this place.
 E = Time spent auto-exploring this place.
 F = Levels seen in this place.
 G = Mean time per level.
                   A        B        C        D        E       F      G
               +--------+--------+--------+--------+--------+-----+--------+
         Total |  12399 |  12003 |    396 |   1857 |   8248 |  13 |  953.8 |
       Dungeon |  11501 |  11148 |    353 |   1626 |   7811 |  11 | 1045.5 |
        Temple |    290 |    247 |     43 |      0 |    245 |   1 |  290.0 |
      Gauntlet |    607 |    607 |      0 |    231 |    192 |   1 |  607.0 |
               +--------+--------+--------+--------+--------+-----+--------+

Top non-repeatable levels by time:
     D:9: 1755 daAuts
     D:1: 1499 daAuts
     D:4: 1404 daAuts
     D:8: 1289 daAuts
    D:10: 1102 daAuts
     D:6: 945 daAuts
     D:5: 895 daAuts
     D:7: 886 daAuts
     D:2: 854 daAuts
     D:3: 765 daAuts
Gauntlet: 607 daAuts
  Temple: 290 daAuts
    D:11: 103 daAuts
